Description

This build order is a cheese. It works against every kind of opening.

Notes :

  • Open with a double gate (4 stalkers)
  • If you see a scouting probe: Fake your second pylon in your main
  • Start the Stargate after the 2 stalkers then make 2 more
  • Attack with 2 void/7 stalkers and try to kill the wall
  • Make some zealot for the second attack if you see that the oponent try to rush your void rays

Have fun :)

VOD

https://youtu.be/LNOPthIiERM

Replay - Shoes v zuka - Thunderbird LE

Build Order

Get SALT Encoding   

  12  0:01  Probe  
  13  0:13  Probe  
  14  0:17  Pylon  
  14  0:21  Probe  
  15  0:31  Probe  
  16  0:39  Gateway  
  16  0:42  Probe  
  16  0:47  Assimilator  
  17  0:54  Probe  
  18  0:58  Assimilator  
  18  1:06  Probe  
  19  1:17  Gateway  
  20  1:18  Probe  
  20  1:27  Cybernetics Core  
  20  1:31  Probe  
  21  1:43  Probe  
  22  1:56  Pylon  
  23  2:06  Adept x2  
  23  2:07  Stargate  
  23  2:08  Warp Gate  
  27  2:32  Pylon  
  27  2:35  Stalker  
  31  2:53  Void Ray  
  33  2:59  Adept  
  33  3:03  Pylon  
  35  3:10  Pylon  
  36  3:28  Gateway  
  36  3:29  Void Ray  
  37  4:02  Void Ray  
  37  4:16  Zealot x2  
  45  4:26  Stalker  
  39  4:39  Stalker x2  
Spawning Tool Build Advisor. Get it on Overwolf

Go to:

Details

  • Created by: zuka      
  • Published on: Jul 26, 2019
  • Patch: 4.7.1
Show
View Real Time Build Order
Export as new Build Order

Comments (0)

There are no comments. Be the first!

Create an account to comment!